 Dungeon Crawl Stone Soup version 0.24.0-123-gd5b16e6ec5 (webtiles) character file.

Game seed: 16787267519376770610, levelgen mode: deterministic

172 FishyPogo the Shield-Bearer (level 5, -5/50 HPs)
             Began as a Deep Dwarf Fighter on Dec 19, 2019.
             Slain by Sigmund
             ... wielding a +1 scythe of freezing
              (9 damage)
             ... on level 3 of the Dungeon.
             The game lasted 00:04:00 (1576 turns).

FishyPogo the Shield-Bearer (Deep Dwarf Fighter)    Turns: 1576, Time: 00:04:01

Health: -5/50      AC:  8    Str: 20    XL:     5   Next: 27%
Magic:  5/5        EV:  7    Int:  9    God:
Gold:   97         SH:  9    Dex: 12    Spells: 4/4 levels left

rFire    + . .     SeeInvis .   a - +0 war axe
rCold    + . .     Gourm    .   c - +0 shield
rNeg     . . .     Faith    .   b - +0 scale mail
rPois    +         Spirit   .   j - +0 helmet
rElec    +         Reflect  .   (no cloak)
rCorr    +         Harm     .   (no gloves)
MR       .....                  (no boots)
Stlth    ..........             (no amulet)
HPRegen  0.00/turn              (no ring)
MPRegen  0.09/turn              (no ring)

@: lethally poisoned (-5 -> -5), resistant, non-regenerating
A: damage resistance, heal wounds, sense surroundings 1, no regeneration
a: Heal Wounds


You were on level 3 of the Dungeon.
You were not hungry.

You visited 1 branch of the dungeon, and saw 4 of its levels.

You collected 97 gold pieces.

Inventory:

Hand Weapons
 a - a +0 war axe (weapon)
Missiles
 k - 128 stones (quivered)
 l - a throwing net
Armour
 b - a +0 scale mail (worn)
 c - a +0 shield (worn)
 j - a +0 helmet (worn)
Jewellery
 n - an uncursed ring of poison resistance {unknown}
Scrolls
 e - a scroll of teleportation {unknown}
 h - 3 scrolls of identify {unknown}
 i - 3 scrolls of remove curse {unknown}
 o - a scroll of fear {unknown}
 p - 2 scrolls of blinking {unknown}
 r - a scroll of enchant armour {unknown}
 t - 2 scrolls of magic mapping {unknown}
Potions
 d - 3 potions of might
 s - a potion of magic {unknown}
Comestibles
 f - 3 rations
 g - 2 chunks of flesh


   Skills:
 * Level 4.0 Fighting
 * Level 4.1 Axes
 - Level 3.3 Armour
 + Level 4.1 Shields


You had 4 spell levels left.
You didn't know any spells.
Your spell library was empty.

Dungeon Overview and Level Annotations

Branches:
Dungeon (4/15)
 Temple: D:4-7

Altars:

Shops:
D:3 *

Annotations:
D:3 Sigmund
D:4 Duvessa


Innate Abilities, Weirdness & Mutations

You are resistant to damage.
You can heal yourself by infusing magical energy.
You passively map a small area around you.
You do not regenerate.


Message History

You slash the worm!
The worm is almost dead.
You hit something. Something hits you but does no damage.
You block the worm's attack.
You hear some strange, mumbled words.
A magic dart appears from out of thin air!
The magic dart hits you but does no damage.
Something hits you but does no damage.
It was a potion of brilliance.
You feel clever all of a sudden.
Something hits you but does no damage. x2; You block the worm's attack.
It was a potion of cancellation.
Your magical effects are unravelling.
You feel magically purged.
You feel a little less clever now. Something hits you.
You block something's attack.
It was a potion of resistance.
You feel protected. Something hits you. You block the worm's attack.
Something hits you!
You die...

, , * #.. , ..
, , #.#* ...,
*#####.# _..∩.
*
###.....###....
*
.....?...#.....
, #............
#.....))..#*
......{@.)# ,
#.?...w†..# *
,, .......{..#
, ,
......?...#, ,
, , ..........#
, , ...........
* #........[..
* * , ,
#.........#.#*
+ , ,


You could see a worm.

Vanquished Creatures
  An orc wizard (D:3)
  Jessica (D:2)
  3 adders
  An ooze (D:3)
  2 worms (D:2)
  3 dart slugs
  2 leopard geckos
  2 orcs (D:3)
  A ball python (D:1)
  6 bats
  12 giant cockroaches
  6 hobgoblins
  2 quokkas (D:2)
  7 frilled lizards
  6 goblins
  9 kobolds
  8 rats
72 creatures vanquished.

Notes
Turn   | Place    | Note
-------+----------+-------------------------------------------
     0 | D:1      | FishyPogo the Deep Dwarf Fighter began the quest for the
                  | Orb.
     0 | D:1      | Reached XP level 1. HP: 20/20 MP: 1/1
   129 | D:1      | Reached XP level 2. HP: 25/27 MP: 2/2
   641 | D:1      | Reached XP level 3. HP: 23/34 MP: 3/3
   972 | D:2      | Noticed Jessica
   978 | D:2      | Killed Jessica
   978 | D:2      | Reached XP level 4. HP: 38/43 MP: 4/4
  1541 | D:4      | Noticed Duvessa
  1557 | D:3      | Found Zin's Purification Station.
  1562 | D:3      | Noticed Sigmund
  1568 | D:3      | Reached XP level 5. HP: 30/50 MP: 5/5
  1576 | D:3      | Slain by Sigmund

Levels and vault maps discovered:
D:1:      saegor_arrival_simple_e, layout_loops_cross, roderic_lattice_a,
          kennysheep_crisscross
D:2:      minmay_roachtagon, layout_loops_cross, uniq_jessica
D:3:      layout_rooms, lemuel_doored_altar, zin_purify, elyvilon_altar_5,
          first_ration, uniq_sigmund
D:4:      layout_gridville, nicolae_overflow_hidden_temple, temple_doors_e,
          minmay_misc_feat_enclosed,
          nicolae_gozag_cash_rules_everything_around_me, uniq_duvessa

Skill      XL: |  1  2  3  4  5 |
---------------+----------------+-----
Fighting       | 3 4 |  4.0
Axes           | 3 4 |  4.1
Shields        | 4 |  4.1
Armour         | |  3.3

Action                   |  1- 3 |  4- 6 || total
-------------------------+-------+-------++-------
Melee: War axe           |   137 |    80 ||   217
 Abil: Heal Wounds       |     1 |     1 ||     2
  Use: Potion            |       |     4 ||     4
  Eat: Chunk             |     1 |     2 ||     3
Armor: Scale mail        |    66 |    57 ||   123
Dodge: Dodged            |    49 |    23 ||    72
Block: Shield            |    82 |    55 ||   137
